 Dungeon Crawl Stone Soup version 0.31-a0-164-g2312942fda (webtiles) character file.

Game seed: 5382369646759115227

4854 senseless the Thaumaturge (level 10, -2/56 HPs)
             Began as a Deep Elf Fire Elementalist on June 13, 2023.
             Was a Priest of Vehumet.
             Killed from afar by an acid dragon (31 damage)
             ... with a splash of acid
             ... on level 8 of the Dungeon.
             The game lasted 00:28:55 (9141 turns).

senseless the Thaumaturge (DEFE)                    Turns: 9141, Time: 00:28:57

Health: -2/56      AC:  8    Str:  9    XL:     10   Next: 25%
Magic:  10/25      EV: 15    Int: 31    God:    Vehumet [***...]
Gold:   393        SH:  0    Dex: 15    Spells: 20/27 levels left

rFire   + . .        u - staff of fire "Qaat" {rF+ Str+4}
rCold   + . .        (no shield)
rNeg    . . .        q - +0 leather armour {rC+}
rPois   .            t - +2 hat
rElec   .            B - +0 cloak
rCorr   .            (no gloves)
SInv    +            m - +1 pair of boots
Will    +....        (no amulet)
Stlth   ++           k - +6 ring of intelligence
HPRegen 0.29/turn    z - ring of see invisible
MPRegen 0.19/turn

%: no passive effects
@: no status effects
A: no striking features
a: Renounce Religion


You were on level 8 of the Dungeon.
You worshipped Vehumet.
Vehumet was most pleased with you.
You visited 1 branch of the dungeon, and saw 9 of its levels.
You also visited: Sewer.

You collected 393 gold pieces.

Inventory:

Hand Weapons
 d - a +1 dagger
 s - a +2 whip of electrocution
 A - a +2 hand crossbow of flaming
Armour
 a - a +0 robe
 m - a +1 pair of boots (worn)
 q - a +0 leather armour of cold resistance (worn)
 t - a +2 hat (worn)
 B - a +0 cloak (worn)
Magical Staves
 u - the staff of fire "Qaat" (weapon) {rF+ Str+4}
   (You acquired it on level 5 of the Dungeon)

   [staff of fire]

   Base accuracy: +5 Base damage: 5 Base attack delay: 1.2 This weapon's minimum
   attack delay (0.6) is reached at skill level 12.
   Str:       It affects your strength (+4).
   rF:        It protects you from fire.
   It falls into the 'Staves' category.
   It is a one-handed weapon.
Jewellery
 j - a ring of protection from cold
 k - a +6 ring of intelligence (left hand)
 n - a ring of resist corrosion
 z - a ring of see invisible (right hand)
Wands
 v - a wand of flame (28)
Scrolls
 c - 2 scrolls of immolation
 i - 4 scrolls of blinking
 p - 2 scrolls of poison
 w - 2 scrolls of teleportation
 x - 2 scrolls of fog
 y - a scroll of enchant weapon
Potions
 b - a potion of magic
 e - 2 potions of ambrosia
 f - a potion of heal wounds
 g - a potion of haste
 h - a potion of might
 l - 7 potions of curing
 o - 2 potions of berserk rage {unknown}
 r - a potion of attraction {unknown}
 D - a potion of enlightenment {unknown}


   Skills:
 + Level 3.0 Fighting
 + Level 3.4 Staves
 * Level 8.5 Dodging
 - Level 2.4 Stealth
 * Level 9.4 Spellcasting
 * Level 7.4 Conjurations
 * Level 8.2 Fire Magic
 + Level 3.8 Evocations


You had 20 spell levels left.
You knew the following spells:

 Your Spells              Type           Power      Damage    Failure   Level
a - Foxfire               Conj/Fire      100%       2x1d9     1%          1
b - Scorch                Fire           100%       2d9       1%          2
c - Flame Wave            Conj/Fire      76%        2d17      1%          4

Your spell library contained the following spells:

 Spells                   Type           Power      Damage    Failure   Level
 Iskenderun's Mystic Bla  Conj/Tloc      37%        2d9       3%          4
 Kiss of Death            Conj/Necr      100%       2d13      1%          1
 Sandblast                Erth           28%        2d8       1%          1
 Inner Flame              Hex/Fire       57%        N/A       1%          3
 Stone Arrow              Conj/Erth      74%        3d11      1%          3
 Volatile Blastmotes      Fire/Tloc      100%       2d18      1%          3
 Poisonous Vapours        Pois/Air       28%        N/A       2%          2
 Sting                    Tmut/Pois      56%        1d5       4%          1
 Passwall                 Tmut/Erth      11%        N/A       8%          2
 Olgreb's Toxic Radiance  Pois           14%        N/A       13%         4
 Confusing Touch          Hex            14%        N/A       14%         3
 Yara's Violent Unravell  Hex/Tmut       7%         3d5       32%         5
 Anguish                  Hex/Necr       7%         N/A       43%         4
 Cause Fear               Hex            7%         N/A       43%         4
 Dispel Undead            Necr           14%        3d10      43%         4
 Alistair's Intoxication  Tmut/Pois      9%         N/A       80%         5
 Borgnjor's Vile Clutch   Necr/Erth      7%         N/A       80%         5
 Eringya's Noxious Bog    Tmut/Pois      7%         N/A       85%         6
 Enfeeble                 Hex            7%         N/A       100%        7


Dungeon Overview and Level Annotations

Branches:
Dungeon (9/15)             Temple (0/1) D:5           Sewer (visited)
   Lair: D:8-11         Orc: D:9-12

Altars:
Elyvilon
Fedhas
Hepliaklqana
Kikubaaqudgha
Nemelex Xobeh
Qazlal
Uskayaw
Vehumet
Wu Jian
Xom
Yredelemnul
Zin

Shops:
D:1 (   D:2 *

Annotations:
D:3 2 runed translucent doors, t4s4d4r's ghost, amateur DgFi


Message History

The acid dragon completely misses you.
You feel a surge of power!
Flames lash the yak.
The yak is burned terribly!
You kill the yak!
Vehumet accepts your kill.
The centaur hits you but does no damage.
The centaur kicks you but does no damage.
The acid dragon spits acid at you. The splash of acid hits you!
The centaur completely misses you. The centaur barely misses you.
You hear a howl!
The centaur closely misses you. The centaur barely misses you.
The acid dragon completely misses you. The acid dragon claws you.
You climb upwards.
There is a stone staircase leading down here.
You feel a surge of power!
Flames lash the centaur.
The centaur is burned terribly!
You kill the centaur!
Vehumet accepts your kill.
You feel your power returning. The acid dragon bites you.
The acid dragon claws you but does no damage.
You feel a surge of power!
Flames lash the acid dragon.
The acid dragon is burned terribly!
The acid dragon is severely wounded.
The acid dragon bites you! The acid dragon barely misses you.
You are too injured to fight recklessly!
You are too injured to fight recklessly!
Casting: Scorch (safe; 1% risk of failure)
Confirm with . or Enter, or press ? or * to list all spells.
You feel a surge of power!
Flames lash the acid dragon.
The acid dragon is burned terribly!
The acid dragon is almost dead.
The acid dragon misses you. The acid dragon barely misses you.
Casting: Scorch (safe; 1% risk of failure)
Confirm with . or Enter, or press ? or * to list all spells.
You feel a surge of power!
Flames lash the acid dragon.
The acid dragon is almost dead.
The acid dragon spits acid at you. The splash of acid hits you!!
Ouch! That really hurt!
You die...

.#.# #.##### #.# .#.#
####.### #.# .#.#
#......# ##.## ...#
#.##.#.########...## .###
#.##.#..[).).......# .#
#.##.#.)####......## .#
#.##.............######
.#
#.####).####...........
##
#.....@D####(....######
#######........#.#
##########.######
######### #.......
#.......# #.######
#.#####.# #.# #
#.#####.######.##### #
#.##...............## #
#####.##.##.######.....).


You could see an acid dragon (catching breath, combustible).

Vanquished Creatures
  A two-headed ogre (D:8)
  Sigmund (D:4)
  A yak (D:9)
  A wyvern (D:8)
  3 steam dragons
  An acid dragon (D:8)
  A water moccasin (D:7)
  An ice beast (D:8)
  4 black bears
  A sky beast (D:8)
  3 centaurs
  2 ogres
  A phantom (D:4)
  A gnoll sergeant (D:9)
  4 bullfrogs
  4 scorpions
  4 wights (D:6)
  12 killer bees
  2 hounds
  2 jellies
  2 orc priests (D:6)
  Crazy Yiuf (D:7)
  4 gnoll boudas
  2 sleepcaps
  2 orc wizards
  An iguana (D:5)
  23 gnolls
  A river rat (D:6)
  9 adders
  A shadow imp (D:6)
  3 white imps (D:5)
  An ufetubus (D:7)
  A worm (D:6)
  2 dart slugs
  26 orcs
  9 ball pythons
  4 endoplasms
  10 giant cockroaches
  9 goblins
  4 hobgoblins
  9 quokkas
  2 bats
  12 frilled lizards
  6 kobolds
  6 rats
200 creatures vanquished.

Vanquished Creatures (others)
  239 foxfires
239 creatures vanquished.

Grand Total: 439 creatures vanquished

Notes
Turn   | Place    | Note
-------+----------+-------------------------------------------
     0 | D:1      | senseless the Deep Elf Fire Elementalist began the quest
                  | for the Orb.
     0 | D:1      | Reached XP level 1. HP: 10/10 MP: 6/6
     5 | D:1      | Found Xopaeseke's Antique Weapon Emporium.
   306 | D:1      | Reached XP level 2. HP: 15/15 MP: 4/8
   640 | D:1      | Learned a level 2 spell: Scorch
   823 | D:2      | Found Plog's General Store.
  1007 | D:2      | Reached XP level 3. HP: 19/19 MP: 2/10
  1019 | D:2      | HP: 1/28 [poisoned by an adder]
  2147 | D:3      | Found a large runed translucent door.
  2148 | D:3      | Found a large runed translucent door.
  2149 | D:3      | Noticed t4s4d4r's ghost (amateur DgFi)
  2746 | D:4      | Noticed a phantom
  2750 | D:4      | Reached XP level 4. HP: 24/24 MP: 6/11
  2753 | D:4      | Killed a phantom
  2754 | D:4      | Reached skill level 4 in Spellcasting
  2754 | D:4      | Reached XP level 5. HP: 28/28 MP: 0/13
  2759 | D:4      | Learned a level 4 spell: Flame Wave
  2869 | D:4      | Found a radiant altar of Vehumet.
  2879 | D:4      | Became a worshipper of Vehumet
  2894 | D:4      | Noticed Sigmund
  2898 | D:4      | Killed Sigmund
  2899 | D:4      | Reached skill level 5 in Spellcasting
  2899 | D:4      | Reached XP level 6. HP: 32/32 MP: 5/15
  3193 | D:4      | Found an ancient bone altar of Kikubaaqudgha.
  3195 | D:4      | Found a blossoming altar of Fedhas.
  3502 | D:4      | Reached skill level 5 in Fire Magic
  3569 | D:4      | Reached * piety under Vehumet
  3569 | D:4      | Offered knowledge of Freeze by Vehumet.
  3848 | D:4      | Found an ornate altar of the Wu Jian Council.
  3886 | D:5      | Entered Level 5 of the Dungeon
  3886 | D:5      | Found a staircase to the Ecumenical Temple.
  3892 | D:5      | Reached skill level 5 in Dodging
  3892 | D:5      | Reached XP level 7. HP: 36/36 MP: 9/17
  4263 | D:5      | Reached skill level 6 in Spellcasting
  4398 | D:5      | Found a stormy altar of Qazlal.
  4401 | D:5      | Found a hide-covered altar of Uskayaw.
  4408 | D:5      | Found a glowing silver altar of Zin.
  4408 | D:5      | Found a shimmering altar of Xom.
  4409 | D:5      | Found a basalt altar of Yredelemnul.
  4604 | D:5      | Identified a scroll of acquirement
  4604 | D:5      | Acquired the staff of fire "Qaat" {rF+ Str+4}
  4923 | D:6      | Found a glowing drain.
  4950 | Sewer    | Entered a sewer
  5005 | Sewer    | Offered knowledge of Static Discharge by Vehumet.
  5022 | Sewer    | Reached ** piety under Vehumet
  5281 | Sewer    | Reached XP level 8. HP: 42/42 MP: 11/19
  5599 | D:6      | Reached skill level 1 in Staves
  5599 | D:6      | Reached skill level 5 in Conjurations
  5599 | D:6      | Reached skill level 1 in Evocations
  5611 | D:6      | Reached skill level 1 in Fighting
  5627 | D:6      | Reached skill level 7 in Spellcasting
  5630 | D:6      | Offered knowledge of Frozen Ramparts by Vehumet.
  5822 | D:6      | Found a sparkling altar of Nemelex Xobeh.
  6957 | D:7      | Reached XP level 9. HP: 47/48 MP: 15/22
  6964 | D:7      | Reached *** piety under Vehumet
  6969 | D:7      | Reached skill level 8 in Spellcasting
  7370 | D:7      | Found a white marble altar of Elyvilon.
  7614 | D:7      | Found a runed translucent door.
  7615 | D:7      | Noticed Crazy Yiuf
  7757 | D:7      | Killed Crazy Yiuf
  8169 | D:8      | Noticed a two-headed ogre
  8176 | D:8      | Killed a two-headed ogre
  8351 | D:8      | Reached skill level 9 in Spellcasting
  8513 | D:8      | Found a hazy altar of Hepliaklqana.
  8735 | D:8      | Offered knowledge of Iskenderun's Mystic Blast by Vehumet.
  8737 | D:8      | Reached XP level 10. HP: 54/54 MP: 17/25
  9141 | D:8      | Killed from afar by an acid dragon

Illustrated notes

Levels and vault maps discovered:
D:1:      dpeg_arrival_stone_temple_mockup, layout_basic, serial_shops, shop
D:2:      wander_river, layout_basic, serial_shops, shop, serial_aquarium,
          aquarium_bridge_straight [aquarium_subvault_bridge,
          aquarium_subvault_wall, aquarium_subvault_bridge,
          aquarium_subvault_balcony], aquarium_window_1, aquarium_window_1,
          aquarium_window_1, aquarium_window_corridor_1, aquarium_view_2a
D:3:      layout_loops_cross, ebering_ghost_disaster_area
D:4:      layout_rooms, grunt_temple_overflow_growth_and_decay,
          nicolae_wu_jian_immortal_techniques, fiery_altar_vehumet, uniq_sigmund
D:5:      layout_cave_pools, minitemple, minmay_temple_entry_stoned_glass,
          kennysheep_generic_room_2
D:6:      layout_loops_ring, mainiacjoe_overflow_six_doors_small,
          cheibrodos_sewer_entry_sluice, serial_co_window_serial,
          co_window_corner_a, co_window_of_opportunity_a, co_window_paths_b,
          co_window_corner_a, co_window_paths_b, co_window_broadway_a,
          co_window_2corner, co_window_corner_cb, co_window_sun,
          co_window_4corner_b, glass_columns_a, glass_columns_a,
          glass_columns_c, minmay_misc_feat_rows
D:7:      layout_rooms, elyvilon_altar_1, uniq_crazy_yiuf_cottage
D:8:      layout_loops_corners, overflow_temple_1_default
D:9:      layout_long_grid, grunt_lair_entry_orc_guard_hut, minmay_bent

Skill      XL: |  1  2  3  4  5  6  7  8  9 10 |
---------------+-------------------------------+-----
Dodging        | 3 4 5 7 8 |  8.5
Conjurations   | 2 3 4 6 7 |  7.4
Spellcasting   | 4 5 6 7 9 |  9.4
Fire Magic     | 4 5 6 7 8 |  8.2
Staves         | 2 3 |  3.4
Evocations     | 2 3 |  3.8
Fighting       | 1 2 3 |  3.0
Stealth        | |  2.4

Action                     |  1- 3 |  4- 6 |  7- 9 | 10-12 || total
---------------------------+-------+-------+-------+-------++-------
  Melee: Dagger            |    15 |     5 |     2 |       ||    22
         Staff             |       |       |    14 |       ||    14
   Cast: Foxfire           |    47 |    14 |    71 |     9 ||   141
         Scorch            |    24 |    31 |   115 |    17 ||   187
         Flame Wave        |       |       |     4 |     3 ||     7
    Use: Scroll            |    10 |     1 |     8 |       ||    19
         Potion            |     2 |       |       |       ||     2
   Stab: Sleeping          |     1 |       |       |       ||     1
 Armour: Skin              |     4 |       |       |       ||     4
         Robe              |     1 |       |       |       ||     1
         Leather armour    |       |     2 |    34 |     9 ||    45
  Dodge: Dodged            |    12 |     8 |    62 |    23 ||   105

Table legend: (Time is in decaauts)
 A = Elapsed time spent in this place.
 B = Non-inter-level travel time spent in this place.
 C = Inter-level travel time spent in this place.
 D = Time resting spent in this place.
 E = Time spent auto-exploring this place.
 F = Levels seen in this place.
 G = Mean time per level.
                   A        B        C        D        E       F      G
               +--------+--------+--------+--------+--------+-----+--------+
         Total |   9259 |   8923 |    336 |    473 |   7349 |  10 |  925.9 |
       Dungeon |   8540 |   8204 |    336 |    473 |   6749 |   9 |  948.9 |
         Sewer |    718 |    718 |      0 |      0 |    600 |   1 |  718.0 |
               +--------+--------+--------+--------+--------+-----+--------+

Top non-repeatable levels by time:
     D:6: 1847 daAuts
     D:8: 1314 daAuts
     D:2: 1176 daAuts
     D:3: 1078 daAuts
     D:4: 1019 daAuts
     D:5: 755 daAuts
   Sewer: 718 daAuts
     D:7: 690 daAuts
     D:1: 640 daAuts
     D:9: 18 daAuts
